 Dungeon Crawl Stone Soup version 0.12.3 (webtiles) character file.

2944 MordorOrchid the Basher (level 9, -4/130 HPs)
             Began as an Ogre Berserker on May 1, 2020.
             Was a High Priest of Trog.
             Slain by a killer bee (9 damage)
             ... on Level 8 of the Dungeon.
             The game lasted 00:41:40 (7764 turns).

MordorOrchid the Basher (Ogre Berserker)            Turns: 7764, Time: 00:41:40

HP  -4/130       AC  4     Str 29      XL: 9   Next: 65%
MP   8/8         EV 12     Int  6      God: Trog [*****.]
Gold 242         SH  0     Dex 12      Spells:  0 memorised,  8 levels left

Res.Fire  : . . .   See Invis. : .   G - +4,+3 great mace
Res.Cold  : . . .   Warding    : .   b - +0 animal skin
Life Prot.: . . .   Conserve   : .   (shield restricted)
Res.Poison: .       Res.Corr.  : .   (helmet restricted)
Res.Elec. : .       Clarity    : .   H - +0 elf cloak
Sust.Abil.: . .     Spirit.Shd : .   (gloves unavailable)
Res.Mut.  : .       Stasis     : .   (boots unavailable)
Res.Rott. : .       Ctrl.Telep.: .   (no amulet)
Saprovore : + . .   Flight     : .   (no ring)
                                     C - ring of flight

@: regenerating, berserking, mildly poisoned, very quick, very resistant to
hostile enchantments, extremely unstealthy
A: unfitting armour, fast metabolism 1, saprovore 1, tough skin 1
a: Burn Spellbooks, Berserk, Trog's Hand, Brothers in Arms, Renounce Religion,
Evoke Flight


You were on level 8 of the Dungeon.
You worshipped Trog.
Trog was extremely pleased with you.
You were not hungry.

You visited 1 branch of the dungeon, and saw 8 of its levels.
You also visited: Sewer.

You collected 222 gold pieces.

Inventory:

Hand weapons
 a - a +0,+0 mace
 j - a +1,+1 sling
 y - a +1,+0 dagger of venom
 G - a +4,+3 great mace (weapon)
 J - a +1,+1 elven vampiric dagger
Missiles
 f - 16 sling bullets
 h - 47 darts (quivered)
 p - 3 throwing nets
 q - 10 poisoned needles
 A - 4 darts of dispersal
Armour
 b - a +0 animal skin (worn)
 H - a +0 elven cloak (worn)
Comestibles
 c - 3 meat rations
 l - 6 bread rations
 t - 5 chunks of centaur flesh
 D - a rotting chunk of giant frog flesh
Scrolls
 e - a scroll of enchant armour
 i - 2 scrolls of magic mapping
 m - 3 scrolls of fog
 o - a scroll of fear
 r - 2 scrolls of recharging
 v - a scroll of teleportation
Jewellery
 u - an uncursed ring of fire
 C - a ring of flight (left hand)
 F - an uncursed ring of teleportation
Potions
 d - a potion of speed
 g - 6 potions of curing
 k - a potion of might
 n - 2 potions of cure mutation
 s - a potion of berserk rage
 x - 2 potions of magic
 z - a potion of slowing
 E - a potion of resistance
Carrion
 K - a jackal skeleton


   Skills:
 * Level 5.0 Fighting
 + Level 10.8 Maces & Flails
 * Level 5.8 Throwing
 - Level 3.2 Armour
 + Level 6.1 Dodging


You had 8 spell levels left.
You didn't know any spells.

Dungeon Overview and Level Annotations

Branches:
Dungeon (8/27)             Temple (0/1) D:6             Orc (0/4) D:6
   Lair: D:8-13

Altars:
Fedhas
Makhleb
Xom

Annotations
D:7 exclusion: oklob plant
D:8 Joseph


Innate Abilities, Weirdness & Mutations

You are too large for most types of armour.
You have a fast metabolism.
You can tolerate rotten meat.
You have tough skin (AC +1).


Message History

You sock Joseph!
Joseph is almost dead.
* * * LOW HITPOINT WARNING * * *
You feel sick.
You feel a little better. Joseph hits you but does no damage.
You hit Joseph but do no damage.
Joseph is almost dead.
Joseph closely misses you.
You closely miss Joseph.
Joseph is almost dead.
Joseph shouts, "Wow!"
Joseph hits you with an uncursed quarterstaff!
* * * LOW HITPOINT WARNING * * *
The killer bee closely misses you.
You barely miss Joseph.
Joseph is almost dead.
* * * LOW HITPOINT WARNING * * *
You feel sick. The killer bee stings you!
You die...

#########
#........#
+........### #####
#.(......k.#.......
#........#.'..k..$.
#.......^###>......
#.....@k.# .....
######@### ...!
###(# #+# ##...#
#..### ####'#####
#........# ##+###
#........# ....)###
#........# .....'.#
#........#


You could see Joseph and 2 killer bees.

Vanquished Creatures
  The ghost of glosham the Magician, an average DEPr of Zin (Sewer)
  An orc warrior (D:7)
  A troll zombie (D:5)
  3 ogres
  A hippogriff zombie (D:6)
  3 centaurs
  4 big kobolds (Sewer)
  3 giant frogs
  A centaur skeleton (D:7)
  A killer bee (D:8)
  3 wights
  A big kobold zombie (D:7)
  4 crimson imps
  2 hounds
  2 orc priests
  An ogre skeleton (D:4)
  A shadow (D:8)
  2 scorpions
  A hound skeleton (D:7)
  3 iguanas
  8 orc wizards
  3 worker ants
  5 jellies (D:7)
  6 adders
  7 gnolls
  3 green rats
  A scorpion zombie (D:5)
  8 worms
  A giant mite (D:3)
  2 grey rats (Sewer)
  A bat zombie (D:6)
  2 giant geckos
  19 oozes
  11 orcs
  3 ball pythons (Sewer)
  12 bats
  4 giant cockroaches
  13 goblins
  14 hobgoblins
  15 jackals
  3 quokkas
  4 giant newts
  14 kobolds
  14 rats
212 creatures vanquished.

Vanquished Creatures (others)
  6 fungi (D:7)
6 creatures vanquished.

Grand Total: 218 creatures vanquished

Notes
Turn   | Place    | Note
--------------------------------------------------------------
     0 | D:1      | MordorOrchid, the Ogre Berserker, began the quest for the Orb.
     0 | D:1      | Reached XP level 1. HP: 23/23 MP: 0/0
   288 | D:1      | Reached XP level 2. HP: 26/32 MP: 1/1
   815 | D:2      | Acquired Trog's second power
   886 | D:2      | Reached skill level 1 in Throwing
   886 | D:2      | Reached XP level 3. HP: 32/39 MP: 2/2
   957 | D:2      | Reached skill level 5 in Maces & Flails
   989 | D:2      | Reached XP level 4. HP: 48/48 MP: 3/3
  1834 | D:3      | Reached XP level 5. HP: 47/54 MP: 4/4
  2135 | D:4      | Reached skill level 1 in Armour
  2252 | D:4      | Noticed an ogre
  2374 | D:4      | Killed an ogre
  2374 | D:4      | Reached XP level 6. HP: 58/63 MP: 5/5
  2575 | D:4      | Reached skill level 6 in Maces & Flails
  2851 | D:4      | Found a shimmering altar of Xom.
  3137 | D:4      | HP: 3/94 [orc wizard/magic dart (8)]
  3138 | D:4      | Reached XP level 7. HP: 3/70 MP: 6/6
  3681 | D:5      | Entered Level 5 of the Dungeon
  4127 | D:5      | Found a glowing drain.
  4135 | Sewer    | Entered a sewer
  4175 | Sewer    | Reached skill level 7 in Maces & Flails
  4290 | Sewer    | Acquired Trog's third power
  4384 | Sewer    | Noticed glosham's ghost (average DEPr)
  4406 | Sewer    | Killed glosham's ghost
  4406 | Sewer    | Reached skill level 5 in Dodging
  4474 | Sewer    | Reached XP level 8. HP: 69/79 MP: 7/7
  4853 | Sewer    | Reached skill level 8 in Maces & Flails
  5334 | D:5      | Reached skill level 5 in Throwing
  5967 | D:6      | Found a staircase to the Orcish Mines.
  6033 | D:6      | Found a staircase to the Ecumenical Temple.
  6188 | D:6      | Reached skill level 9 in Maces & Flails
  6391 | D:7      | Reached XP level 9. HP: 76/85 MP: 8/8
  6502 | D:7      | Found a blossoming altar of Fedhas.
  6729 | D:7      | Reached skill level 10 in Maces & Flails
  6773 | D:7      | Noticed an oklob plant
  7364 | D:7      | Found a burning altar of Makhleb.
  7731 | D:8      | Reached skill level 5 in Fighting
  7743 | D:8      | Noticed Joseph
  7763 | D:8      | HP: 5/130 [Joseph/uncursed quarterstaff (13)]
  7764 | D:8      | Slain by a killer bee

Action                   |  1- 3 |  4- 6 |  7- 9 || total
-------------------------+-------+-------+-------++-------
Melee: Mace              |    95 |   142 |    12 ||   249
       Dagger            |       |     3 |    22 ||    25
       Giant spiked club |       |       |   216 ||   216
       Great mace        |       |       |    31 ||    31
 Fire: Sling             |       |    69 |   239 ||   308
Throw: Dart              |    23 |    11 |    32 ||    66
Invok: Berserk           |     1 |     3 |     4 ||     8
       Trog's Hand       |       |     1 |     3 ||     4
  Use: Scroll            |       |     7 |    11 ||    18
 Stab: Sleeping          |       |     1 |     1 ||     2
